 Dungeon Crawl Stone Soup version 0.24.0-2-g5b39cebb1c (webtiles) character file.

Game seed: 9102924283410948974, levelgen mode: deterministic

1568 Emblim88 the Archer (level 8, -2/70 HPs)
             Began as a Centaur Hunter on Oct 31, 2019.
             Was a Follower of Qazlal.
             Slain by a sun demon (6 damage)
             ... led by a balrug
             ... on level 2 of the Abyss.
             The game lasted 00:18:13 (7115 turns).

Emblim88 the Archer (Centaur Hunter)                Turns: 7115, Time: 00:18:13

Health: -2/70      AC: 15    Str: 14      XL:     8   Next: 59%
Magic:  12/12      EV:  0    Int: 10      God:    Qazlal [*.....]
Gold:   201        SH:  2    Dex: 12 (13) Spells: 4/7 levels left

rFire    . . .     SeeInvis .   A - +2 hunting sling (flame)
rCold    + . .     Gourm    .   (no shield)
rNeg     . . .     Faith    .   J - +1 plate armour {rC+}
rPois    .         Spirit   .   r - +0 helmet
rElec    .         Reflect  .   (no cloak)
rCorr    .         Harm     .   s - +0 pair of gloves
MR       .....                  v - +0 centaur barding
Stlth    ..........             (no amulet)
HPRegen  0.21/turn              t - ring of wizardry
MPRegen  0.13/turn              y - ring of flight

@: very quick
A: large, hooves 3, deformed body, speed 2, tough skin 3
a: Renounce Religion, Evoke Flight


You were on level 2 of the Abyss.
You worshipped Qazlal.
Qazlal was aware of your devotion.
You were not hungry.

You visited 1 branch of the dungeon, and saw 7 of its levels.
You visited the Abyss 1 time.

You collected 340 gold pieces.
You spent 139 gold pieces at shops.

Inventory:

Hand Weapons
 a - a +1 shortbow
 A - a +2 hunting sling of flaming (weapon)
 C - a +1 war axe of chopping
 E - a +0 arbalest
Missiles
 d - 79 arrows
 l - 2 throwing nets
 m - 102 stones (quivered)
 x - 7 poisoned darts
 G - 24 bolts
Armour
 r - a +0 helmet (worn)
 s - a +0 pair of gloves (worn)
 v - a +0 centaur barding (worn)
 J - a +1 plate armour of cold resistance (worn)
Magical Staves
 I - an uncursed staff of wizardry {unknown}
Jewellery
 t - a ring of wizardry (left hand)
 y - a ring of flight (right hand)
 B - an uncursed ring of attention
Wands
 n - a wand of iceblast (5)
 F - a wand of acid (7)
Scrolls
 e - 2 scrolls of remove curse
 g - a scroll of enchant weapon
 h - 2 scrolls of blinking
 j - 6 scrolls of teleportation
 o - a scroll of noise
 D - a scroll of magic mapping
Potions
 b - 2 potions of flight {unknown}
 c - a potion of cancellation
 i - a potion of ambrosia
 k - 2 potions of curing
 p - a potion of berserk rage {unknown}
 q - a potion of brilliance
 u - a potion of lignification {unknown}
 w - a potion of magic {unknown}
 z - a potion of haste {unknown}
Comestibles
 f - 9 rations


   Skills:
 + Level 5.9 Fighting
 * Level 4.6 Slings
 - Level 8.2 Bows
 - Level 1.3 Dodging
 - Level 0.4 Stealth
 - Level 2.3 Charms
 * Level 5.3 Invocations
 * Level 2.4 Evocations


You had 4 spell levels left.
You knew the following spells:

 Your Spells              Type           Power        Failure   Level  Hunger
a - Regeneration          Chrm/Necr      #.........   100%        3    ####...

Your spell library contained the following spells:

 Spells                   Type           Power        Failure   Level  Hunger
 Animate Skeleton         Necr           N/A          100%        1    ##.....
 Pain                     Necr           #...         100%        1    ##.....
 Vampiric Draining        Necr           #.........   100%        3    ####...
 Animate Dead             Necr           N/A          100%        4    #####..


Dungeon Overview and Level Annotations

Branches:
Dungeon (7/15)             Temple (0/1) D:6

Altars:
Cheibriados
Makhleb
Qazlal
Ru
Sif Muna
Uskayaw
Wu Jian

Shops:
D:4 (*

Annotations:
D:3 2 runed translucent doors, oberejnoburuli's ghost, amateur DDFi


Innate Abilities, Weirdness & Mutations

You have hooves in place of feet.
Armour fits poorly on your strangely shaped body.
You cover ground very quickly.
You have extremely tough skin. (AC +3)


Message History

The balrug is wielding a +3 demon whip of venom.
The thrashing horror roars!
The balrug shouts!
The thrashing horror tramples you.
You stumble backwards!
The thrashing horror roars!
The balrug gestures at you. Something smites you!
The rakshasa weaves an illusion.
The thrashing horror shimmers and seems to become two!
The red devil hits you from afar with a +0 trident!
The thrashing horror tramples you but does no damage.
The thrashing horror tramples you.
* * * LOW HITPOINT WARNING * * *
You stumble backwards!
The balrug gestures at you.
The bolt of fire hits the red devil.
The red devil completely resists.
The bolt of fire hits the sun demon.
The sun demon completely resists.
The bolt of fire hits you!
* * * LOW HITPOINT WARNING * * *
The sun demon hits you.
You die...

#..#..R##. ..##
(#. #.#.#..##
#..# ##.##
#...##..##..##
(# #
..#..#...##..#
.#
###..#..#.......
# #..#...G..#...
.#
#.#..#XX#....#
#.
..##..#.X..#....
#.# ####@34##
... . #..>.4...#
. .....#...2#..
#.##..#..##..#
#... ... ..#
#### #.#.### .#.
#. #


You could see a balrug, an eye of devastation, a sun demon, 3 thrashing horrors
and 2 red devils.

Vanquished Creatures
  Sigmund (D:4)
  Menkaure (D:5)
  An orc warrior (D:6)
  A sky beast (D:6)
  A gnoll sergeant (D:6)
  2 bullfrogs (D:6)
  A scorpion (D:7)
  4 hounds
  An orc priest (D:3)
  2 jellies
  An orc wizard (D:6)
  A centaur skeleton (D:4)
  A bullfrog skeleton (D:6)
  3 iron imps (D:5)
  An iguana (D:4)
  Terence (D:3)
  8 worker ants
  A hound zombie (D:7)
  A hound skeleton (D:3)
  8 gnolls (D:6)
  A howler monkey skeleton (D:5)
  3 adders
  An ooze (D:3)
  2 adder skeletons
  An adder zombie (D:6)
  2 worms
  2 leopard geckos
  9 orcs
  2 giant cockroaches
  7 goblins
  8 hobgoblins
  2 quokkas
  A ball python (D:4)
  6 bats
  4 frilled lizards
  A jackal zombie (D:6)
  7 kobolds
  A leopard gecko skeleton (D:4)
  3 quokka skeletons (D:4)
  A quokka zombie (D:5)
  11 rats
116 creatures vanquished.

Notes
Turn   | Place    | Note
-------+----------+-------------------------------------------
     0 | D:1      | Emblim88 the Centaur Hunter began the quest for the Orb.
     0 | D:1      | Reached XP level 1. HP: 17/17 MP: 1/1
   379 | D:1      | Reached XP level 2. HP: 22/25 MP: 2/2
  1146 | D:2      | Reached skill level 6 in Bows
  1153 | D:2      | Reached XP level 3. HP: 30/30 MP: 3/3
  1665 | D:3      | Found a large runed translucent door.
  1665 | D:3      | Found a large runed translucent door.
  1691 | D:3      | Noticed Terence
  1701 | D:3      | Killed Terence
  1701 | D:3      | Reached XP level 4. HP: 31/38 MP: 4/4
  2110 | D:3      | Reached skill level 7 in Bows
  2202 | D:3      | Reached XP level 5. HP: 43/46 MP: 5/5
  2902 | D:3      | Noticed oberejnoburuli's ghost (amateur DDFi)
  3290 | D:4      | Reached XP level 6. HP: 53/53 MP: 6/6
  3293 | D:4      | Found a stormy altar of Qazlal.
  3302 | D:4      | Became a worshipper of Qazlal Stormbringer
  3308 | D:4      | Found a shimmering blue altar of Sif Muna.
  3323 | D:4      | Learned a level 3 spell: Regeneration
  3325 | D:4      | Found a snail-covered altar of Cheibriados.
  3395 | D:4      | Noticed Sigmund
  3454 | D:4      | Killed Sigmund
  3454 | D:4      | Reached skill level 8 in Bows
  3454 | D:4      | Reached skill level 1 in Charms
  3514 | D:4      | Reached skill level 5 in Fighting
  3578 | D:4      | Found Qugoog's General Store.
  3582 | D:4      | Reached XP level 7. HP: 61/61 MP: 8/8
  3645 | D:4      | Found Jeant's Antique Weapon Boutique.
  3654 | D:4      | Bought a glowing hunting sling for 139 gold pieces
  4386 | D:5      | Entered Level 5 of the Dungeon
  4442 | D:5      | Noticed Menkaure
  4458 | D:5      | Killed Menkaure
  4458 | D:5      | Reached skill level 1 in Slings
  4825 | D:5      | Found a hide-covered altar of Uskayaw.
  5018 | D:5      | Found a sacrificial altar of Ru.
  5161 | D:5      | Found a burning altar of Makhleb.
  5333 | D:6      | Found a staircase to the Ecumenical Temple.
  5503 | D:6      | Reached * piety under Qazlal
  5503 | D:6      | Reached XP level 8. HP: 36/69 MP: 11/11
  5893 | D:6      | Reached skill level 1 in Evocations
  6185 | D:6      | Found an ornate altar of the Wu Jian Council.
  6365 | D:6      | Reached skill level 5 in Invocations
  7036 | D:7      | Noticed a wizard
  7042 | D:7      | Cast into level 2 of the Abyss (a wizard)
  7093 | Abyss:2  | Noticed a thrashing horror
  7098 | Abyss:2  | Noticed a thrashing horror
  7100 | Abyss:2  | Noticed a rakshasa
  7105 | Abyss:2  | Noticed a wretched star
  7110 | Abyss:2  | Noticed an eye of devastation
  7112 | Abyss:2  | Noticed a sun demon
  7112 | Abyss:2  | Noticed a red devil
  7113 | Abyss:2  | Noticed a balrug
  7113 | Abyss:2  | Noticed a red devil
  7115 | Abyss:2  | Slain by a sun demon

Levels and vault maps discovered:
D:1:      eino_arrival_water_star, layout_basic, serial_park_tiny_pond
D:2:      layout_loops_ring
D:3:      layout_basic, ebering_ghost_disaster_area, uniq_terence
D:4:      layout_layer_cave, minmay_overflow_temple_star_quad, serial_shops,
          shop, shop, serial_bayou, serial_bayou_pond_e, serial_bayou_pond_d,
          serial_bayou_pond_e, serial_bayou_pond_e, serial_bayou_ford_a,
          serial_bayou_pond_e, kennysheep_generic_room_4, uniq_sigmund
D:5:      layout_basic, demons_altar, eat_drink_and_be_merry_uskayaw,
          first_ration, hangedman_ru_absence, uniq_menkaure
D:6:      layout_cave_pods, lemuel_doored_altar,
          minmay_temple_entry_stoned_glass
D:7:      cheibrodos_wizards_tower, layout_cave_pools, kennysheep_mini
Abyss:2:  kilobyte_mutagenic_chamber

Skill      XL: |  1  2  3  4  5  6  7  8 |
---------------+-------------------------+-----
Bows           | 6 7 8 |  8.2
Fighting       | 3 4 5 |  5.9
Charms         | 1 2 |  2.3
Invocations    | 2 4 5 |  5.3
Slings         | 3 4 |  4.6
Evocations     | 2 |  2.4
Dodging        | |  1.3
Stealth        | |  0.4

Action                   |  1- 3 |  4- 6 |  7- 9 || total
-------------------------+-------+-------+-------++-------
Melee: Short sword       |       |     3 |       ||     3
       Kick              |       |     1 |     1 ||     2
       War axe           |       |       |     1 ||     1
 Fire: Shortbow          |    99 |   139 |     9 ||   247
       Hunting sling     |       |       |   261 ||   261
  Use: Potion            |       |     1 |     2 ||     3
       Scroll            |       |       |     9 ||     9
  Eat: Chunk             |       |     2 |     3 ||     5
       Ration            |       |     1 |     2 ||     3
Armor: Leather armour    |     1 |       |       ||     1
       Scale mail        |     4 |    40 |    46 ||    90
       Plate armour      |       |       |    59 ||    59
Dodge: Dodged            |     3 |    19 |    17 ||    39
Block: Other             |       |       |     3 ||     3
